 Dungeon Crawl Stone Soup version 0.30.1-1-g62c8e00024 (webtiles) character file.

Game seed: 14791091133258517883

3908 croobank the Sneak (level 10, 0/65 HPs)
             Began as an Octopode Fire Elementalist on July 18, 2023.
             Was an Initiate of Gozag.
             Succumbed to a hornet's poison
             ... on level 8 of the Dungeon.
             The game lasted 00:25:29 (10698 turns).

croobank the Sneak (Octopode Fire Elementalist)    Turns: 10698, Time: 00:25:29

Health: 0/65       AC:  1    Str:  7    XL:     10   Next: 20%
Magic:  5/17       EV: 14    Int: 27    God:    Gozag
Gold:   468        SH:  7    Dex: 14    Spells: 9/19 levels left

rFire   . . .        a - +3 dagger (venom)
rCold   . . .        h - +2 buckler
rNeg    . . .        d - +0 hat
rPois   .            (no amulet)
rElec   .            q - ring of flight
rCorr   +            p - +6 ring of intelligence
SInv    .            n - ring of resist corrosion
Will    .....        (no ring)
Stlth   +++++        (no ring)
HPRegen 0.30/turn    (no ring)
MPRegen 0.15/turn    (no ring)
                     (no ring)

%: no passive effects
@: lethally poisoned (0 -> -9), gold aura, flying
A: almost no armour, amphibious, 8 rings, camouflage 1, gelatinous body 1,
(nimble swimmer 1), tentacles
a: Renounce Religion, Potion Petition, Call Merchant, Bribe Branch


You were on level 8 of the Dungeon.
You worshipped Gozag.
Gozag was aware of your devotion.
You visited 2 branches of the dungeon, and saw 10 of its levels.
You also visited: Ossuary.

You collected 1163 gold pieces.
You spent 620 gold pieces at shops.
You paid 75 gold pieces to Gozag.

Inventory:

Hand Weapons
 a - a +3 dagger of venom (weapon)
 f - a +0 spear
 m - a +0 long sword
 o - a +3 antimagic trident
 s - a +0 flail of protection
 I - a +2 short sword of freezing
Missiles
 j - 3 boomerangs (quivered)
Armour
 d - a +0 hat (worn)
 h - a +2 buckler (worn)
Jewellery
 n - a ring of resist corrosion (on tentacle)
 p - a +6 ring of intelligence (right tentacle)
 q - a ring of flight (left tentacle)
Wands
 x - a wand of paralysis (11)
 y - a wand of flame (11)
 F - a wand of digging (8)
 J - a wand of mindburst (9)
Scrolls
 k - a scroll of amnesia
 r - 2 scrolls of teleportation
 t - 5 scrolls of fog
 z - a scroll of fear
 E - 5 scrolls of poison
 K - a scroll of butterflies
 M - a scroll of brand weapon
 N - a scroll of enchant weapon
Potions
 b - a potion of mutation
 e - a potion of lignification
 i - 2 potions of curing
 l - 3 potions of degeneration
 u - a potion of flight
 v - 3 potions of magic
 w - 2 potions of cancellation {unknown}
 A - a potion of brilliance {unknown}
 B - a potion of haste {unknown}
 C - 2 potions of invisibility {unknown}
 D - a potion of attraction {unknown}
 G - a potion of resistance {unknown}
 H - a potion of ambrosia {unknown}


   Skills:
 + Level 4.7 Fighting
 + Level 5.6 Dodging
 + Level 7.9 Stealth
 - Level 4.0 Shields
 + Level 5.1 Spellcasting
 + Level 5.2 Conjurations
 - Level 5.0 Hexes
 + Level 6.1 Fire Magic


You had 9 spell levels left.
You knew the following spells:

 Your Spells              Type           Power      Damage    Failure   Level
a - Foxfire               Conj/Fire      100%       2x1d9     1%          1
b - Scorch                Fire           78%        2d8       1%          2
c - Inner Flame           Hex/Fire       36%        N/A       3%          3
d - Flame Wave            Conj/Fire      37%        2d10      11%         4

Your spell library contained the following spells:

 Spells                   Type           Power      Damage    Failure   Level
 Volatile Blastmotes      Fire/Tloc      46%        2d13      10%         3
 Freeze                   Ice            24%        1d4       11%         1
 Hailstorm                Conj/Ice       21%        3d6       12%         3
 Ignite Poison            Fire/Tmut/Pois 17%        N/A       14%         3
 Cigotuvi's Dreadful Rot  Necr/Pois/Air  12%        N/A       17%         2
 Frozen Ramparts          Ice            12%        1d2       32%         3
 Freezing Cloud           Conj/Ice/Air   8%         6-21      83%         5


Dungeon Overview and Level Annotations

Branches:
Dungeon (9/15)             Temple (1/1) D:4         Ossuary (visited)
   Lair: D:8-11         Orc: D:9-12

Altars:
Ashenzari
Cheibriados
Dithmenos
Fedhas
Gozag
Hepliaklqana
Makhleb
Nemelex Xobeh
Okawaru
Qazlal
Ru
Sif Muna
Trog
Uskayaw
Vehumet
Wu Jian
Xom
Yredelemnul
Zin
The Shining One

Shops:
D:1 [?   D:8 ?


Innate Abilities, Weirdness & Mutations

You cannot wear most types of armour.
You are amphibious.
You can wear up to eight rings at the same time.
Your skin changes colour to match your surroundings (Stealth+).
Your rubbery body absorbs attacks. (AC +1, EV +1)
((You are camouflaged when in or above water. (Stealth+)))
You have tentacles for arms and can constrict up to eight enemies at once.


Message History

Confirm with . or Enter, or press ? or * to list all spells.
Flames lash the orc wizard.
The orc wizard is lightly wounded.
The orc wizard's fire resistance burns away.
The hornet is no longer more vulnerable to fire.
The foxfire hits the hornet.
The hornet is moderately wounded.
The hornet is no longer distracted by gold.
The foxfire hits the hornet but does no damage.
The hornet is moderately wounded.
The hornet stings you!
You are poisoned.
You feel yourself slow down.
The orc wizard points at you and mumbles some strange words.
The puff of flame misses you. The hornet stings you!
You feel as though you will be slow longer.
Casting: Scorch (safe; 1% risk of failure)
Confirm with . or Enter, or press ? or * to list all spells.
Flames lash the hornet.
The hornet is severely wounded.
The hornet's fire resistance burns away.
You feel very sick.
The orc wizard is no longer more vulnerable to fire.
The hornet barely misses you. The hornet misses you.
Casting: Scorch (safe; 1% risk of failure)
Confirm with . or Enter, or press ? or * to list all spells.
Flames lash the hornet.
The hornet is burned terribly!
The hornet is almost dead.
You feel yourself speed up.
You feel sick. The hornet completely misses you. The hornet stings you!
* * * LOW HITPOINT WARNING * * *
You are lethally poisoned!
You feel yourself slow down. The orc wizard barely misses you.
You feel yourself speed up.
* * * LOW HITPOINT WARNING * * *
You feel very sick.
You block the hornet's attack. x2; The orc wizard closely misses you.
You fly upwards.
You die...
Your body crumbles into a pile of gold.

....# ##................).#######
....# ####........^......)).....
....####....###...........#######
.........#####............# #
....###### #.##........## # ....#
###.##........##### ....#
#...#.............# ..<.#
###.###y............#### ....#
###...# #@............#...
....####...### #o........[...#.##
....##...### #...............#
.......##### ##........#...###
....#####..# ##......##...# ...##
#..###############...# ....#
#.......# #...# ....# #.#####.##
##### ....# #.# #..#


You could see a hornet (combustible) and an orc wizard.

Vanquished Creatures
  A two-headed ogre (D:8)
  2 steam dragons (D:7)
  Edmund (D:4)
  2 water moccasins (D:5)
  A black bear (D:6)
  An orc warrior (D:8)
  A sky beast (D:7)
  3 ice beasts
  4 ogres
  3 centaurs (D:5)
  A phantom (D:4)
  A kobold brigand (D:8)
  A bullfrog (D:8)
  2 gnoll sergeants (D:6)
  2 scorpions
  4 wights (D:7)
  Crazy Yiuf (D:5)
  A centaur zombie (Ossuary)
  3 orc priests (D:8)
  4 jellies
  4 hounds
  2 iguanas
  4 sleepcaps
  3 orc wizards
  5 mummies (Ossuary)
  Robin (D:4)
  7 gnolls
  8 adders
  A shadow imp (D:5)
  An ufetubus (D:6)
  A worm (D:3)
  4 dart slugs
  15 orcs
  5 bats
  11 endoplasms
  2 giant cockroaches (D:3)
  10 hobgoblins
  11 jackals
  3 quokkas
  8 ball pythons
  4 frilled lizards
  18 goblins
  6 hobgoblin zombies (Ossuary)
  10 kobolds
  5 rats
188 creatures vanquished.

Vanquished Creatures (others)
  338 foxfires
338 creatures vanquished.

Grand Total: 526 creatures vanquished

Notes
Turn   | Place    | Note
-------+----------+-------------------------------------------
     0 | D:1      | croobank the Octopode Fire Elementalist began the quest for
                  | the Orb.
     0 | D:1      | Reached XP level 1. HP: 11/11 MP: 3/3
     6 | D:1      | Noticed a five-headed hydra
     6 | D:1      | Noticed a wolf
     6 | D:1      | Noticed a komodo dragon
     7 | D:1      | Noticed a black mamba
     7 | D:1      | Noticed a black bear
    50 | D:1      | Found Jeresmygo's Armour Boutique.
   290 | D:1      | Reached XP level 2. HP: 17/17 MP: 1/5
   295 | D:1      | Reached skill level 3 in Stealth
   298 | D:1      | Learned a level 2 spell: Scorch
   657 | D:1      | Found Erafich's Magic Scroll Shoppe.
   664 | D:1      | Reached XP level 3. HP: 21/21 MP: 2/6
   668 | D:1      | Learned a level 3 spell: Inner Flame
   967 | D:1      | Bought a scroll of identify for 28 gold pieces
  1675 | D:2      | Reached XP level 4. HP: 25/27 MP: 7/7
  3142 | D:4      | Reached skill level 1 in Fighting
  3142 | D:4      | Reached skill level 1 in Hexes
  3142 | D:4      | Reached XP level 5. HP: 32/33 MP: 5/8
  3481 | D:4      | Reached skill level 1 in Shields
  3643 | D:4      | Reached skill level 4 in Stealth
  3692 | D:4      | Noticed an ogre
  3697 | D:4      | Killed an ogre
  3698 | D:4      | Reached XP level 6. HP: 38/38 MP: 3/10
  3768 | D:4      | Noticed Edmund
  3879 | D:4      | Noticed Robin
  4012 | D:4      | Killed Robin
  4129 | D:4      | Found a staircase to the Ecumenical Temple.
  4168 | D:4      | Reached XP level 7. HP: 42/45 MP: 4/11
  4303 | D:4      | Found a sacrificial altar of Ru.
  4335 | D:4      | Killed Edmund
  4452 | Temple   | Entered the Ecumenical Temple
  4471 | Temple   | Became a worshipper of Gozag Ym Sagoz the Greedy
  4802 | D:5      | Entered Level 5 of the Dungeon
  4925 | D:5      | Found a sand-covered staircase.
  4932 | Ossuary  | Entered an ossuary
  5462 | D:5      | Reached skill level 5 in Stealth
  5462 | D:5      | Reached XP level 8. HP: 46/51 MP: 3/13
  5538 | D:5      | You are sucked into a shaft and drop 2 floors!
  6320 | D:5      | Found a snail-covered altar of Cheibriados.
  6342 | D:5      | Reached skill level 6 in Stealth
  6523 | D:5      | Found a sparkling altar of Nemelex Xobeh.
  6603 | D:5      | Reached skill level 5 in Fire Magic
  6738 | D:5      | Reached XP level 9. HP: 28/57 MP: 8/15
  6920 | D:5      | Learned a level 4 spell: Flame Wave
  7207 | D:5      | Found a runed translucent door.
  7208 | D:5      | Noticed Crazy Yiuf
  7213 | D:5      | Killed Crazy Yiuf
  8587 | D:7      | Reached skill level 5 in Dodging
  8587 | D:7      | Reached skill level 7 in Stealth
  8830 | D:7      | Found a shimmering altar of Xom.
 10008 | D:8      | Found Apihat's Magic Scroll Shop.
 10028 | D:8      | Bought a scroll of butterflies for 64 gold pieces
 10028 | D:8      | Bought a scroll of identify for 32 gold pieces
 10028 | D:8      | Bought a scroll of identify for 32 gold pieces
 10028 | D:8      | Bought a scroll of brand weapon for 152 gold pieces
 10028 | D:8      | Bought a scroll of enchant weapon for 120 gold pieces
 10028 | D:8      | Bought 3 scrolls of poison for 192 gold pieces
 10106 | D:8      | Reached XP level 10. HP: 29/65 MP: 4/17
 10388 | D:8      | Noticed a two-headed ogre
 10396 | D:8      | Killed a two-headed ogre
 10397 | D:8      | Reached skill level 5 in Spellcasting
 10397 | D:8      | Reached skill level 5 in Conjurations
 10397 | D:8      | Reached skill level 5 in Hexes
 10697 | D:9      | HP: 2/65 [poisoned by a hornet]
 10698 | D:8      | Succumbed to a hornet's poison

Illustrated notes

Levels and vault maps discovered:
D:1:      onia_arrival_zoo_common, layout_basic, serial_shops, shop, shop
D:2:      layout_loops_cross, reono_crystal_passage, grunt_ministairs_9
D:3:      layout_basic, kennysheep_generic_room_8
D:4:      layout_cave_pools, mainiacjoe_overflow_alcove_4,
          minmay_temple_entry_hall, amcnicky_mini_pool_small, uniq_robin,
          uniq_edmund
D:5:      layout_basic, mainiacjoe_overflow_catch_the_wave, enter_ossuary_2,
          uniq_crazy_yiuf_cottage
D:6:      layout_basic
D:7:      layout_basic, mainiacjoe_overflow_24_doors, chequers_mini_garden
D:8:      layout_rooms, serial_shops, nicolae_shop_hallway_plus
D:9:      layout_rooms, grunt_lair_entry_orc_guard_hut, serial_shops, shop,
          shop, nicolae_shop_rolling_square, nicolae_shop_waterfront,
          nicolae_shop_temple_entry_statues_fountains,
          nicolae_concentric_dashed_squares_mild, uniq_erica
Temple:   nicolae_temple_elliptical

Skill      XL: |  1  2  3  4  5  6  7  8  9 10 |
---------------+-------------------------------+-----
Stealth        | 3 4 5 6 7 |  7.9
Fighting       | 1 2 3 4 |  4.7
Hexes          | 1 2 3 4 5 |  5.0
Conjurations   | 2 3 4 5 |  5.2
Shields        | 1 2 3 4 |  4.0
Dodging        | 3 4 5 |  5.6
Spellcasting   | 3 4 5 |  5.1
Fire Magic     | 4 5 6 |  6.1

Action                     |  1- 3 |  4- 6 |  7- 9 | 10-12 || total
---------------------------+-------+-------+-------+-------++-------
  Melee: Unarmed           |    24 |       |       |       ||    24
         Tentacles         |    11 |    14 |    12 |       ||    37
         Constrict         |     8 |    11 |     9 |       ||    28
         Short sword       |     9 |    41 |       |       ||    50
         Dagger            |       |       |    51 |       ||    51
  Throw: Boomerang         |       |       |     5 |       ||     5
   Cast: Foxfire           |    38 |    46 |    97 |     7 ||   188
         Scorch            |     8 |    31 |   118 |    13 ||   170
         Flame Wave        |       |       |     1 |       ||     1
    Use: Scroll            |     2 |     2 |    14 |       ||    18
         Potion            |       |       |     6 |       ||     6
   Stab: Sleeping          |     9 |     9 |     5 |       ||    23
 Armour: Skin              |     3 |     1 |    10 |     1 ||    15
  Dodge: Dodged            |    14 |    43 |   116 |     7 ||   180
  Block: Buckler           |       |       |    23 |     3 ||    26
